 Dungeon Sprint DCSS version 0.19.1 (webtiles) character file.

875 dvd the Protected (level 7, -4/73 HPs)
             Began as a Minotaur Fighter on Dec 22, 2016.
             Was an Initiate of Okawaru.
             Slain by a polar bear (8 damage)
             ... in the Dungeon (Sprint II: "The Violet Keep of Menkaure").
             The game lasted 00:01:37 (319 turns).

dvd the Protected (Minotaur Fighter)                 Turns: 319, Time: 00:01:38

Health: -4/73      AC:  5    Str: 21    XL:     7   Next: 74%
Magic:  5/5        EV:  9    Int:  5    God:    Okawaru [......]
Gold:   729        SH: 11    Dex:  7    Spells: 0 memorised, 6 levels left

rFire  . . .     SeeInvis .     a - +0 war axe
rCold  . . .     Gourm    .     b - +0 scale mail
rNeg   . . .     Faith    .     c - +0 shield
rPois  .         Spirit   .     (helmet restricted)
rElec  .         Reflect  .     (no cloak)
rCorr  .         Harm     .     (no gloves)
MR     .....     NoTele   +     (no boots)
Stlth  ..........               (no amulet)
                                (no ring)
                                (no ring)

@: very slightly contaminated, hasted, very quick
A: retaliatory headbutt, horns 2, clumsy 2, deformed body, low mp 1, MP-powered
wands
a: Renounce Religion


You were in the Dungeon.
You worshipped Okawaru.
Okawaru was noncommittal.
You were not hungry.

You visited 1 branch You collected 729 gold pieces.

Inventory:

Hand Weapons
 a - a +0 war axe (weapon)
Armour
 b - a +0 scale mail (worn)
 c - a +0 shield (worn)
Scrolls
 k - a scroll of blinking
Potions
 e - a potion of curing
 i - 2 potions of magic
Comestibles
 f - a bread ration
 j - 6 chunks of flesh


   Skills:
 + Level 10.7 Fighting
 + Level 10.4 Axes
 + Level 10.9 Armour
 + Level 10.6 Shields


You had 6 spell levels left.
You didn't know any spells.

Dungeon Overview and Level Annotations

Branches:
Dungeon (1/1)

Altars:
Cheibriados
Dithmenos
Elyvilon
Fedhas
Gozag
Hepliaklqana
Kikubaaqudgha
Makhleb
Nemelex Xobeh
Okawaru
Qazlal
Ru
Sif Muna
Trog
Uskayaw
Vehumet
Xom
Yredelemnul
Zin
The Shining One
Beogh
Jiyva
Lugonu

Annotations:
D Roxanne


Innate Abilities, Weirdness & Mutations

You reflexively headbutt those who attack you in melee.
You have a pair of horns on your head.
You are very clumsy. (Dex -4)
Armour fits poorly on your strangely shaped body.
Your magical capacity is low. (-10% MP)
You expend magic power (3 MP) to strengthen your wands.


Message History

Unknown command.
You hit the polar bear.
The polar bear is severely wounded.
You hit the polar bear. The polar bear closely misses you.
You furiously retaliate!
You headbutt the polar bear. The polar bear claws you.
* * * LOW HITPOINT WARNING * * *
The polar bear claws you but does no damage.
Unknown command.
You hit the polar bear.
The polar bear is severely wounded.
You hit the polar bear.
The polar bear goes berserk!
You block the polar bear's attack. The polar bear claws you.
* * * LOW HITPOINT WARNING * * *
You block the polar bear's attack.
Unknown command.
You slash the polar bear!
The polar bear is almost dead.
You hit the polar bear but do no damage.
The polar bear bites you!
You die... .## ...# ...# ..# ###..## #..# .# )%$ #'###.##..# +..# .# %%%?

#.##..##..# #..# .#▓!?!%
.<.'.##'..### ..##. ▓($$(
#.##.#.#....###.h.##▓▓▓▓▓
#+###.##......≈≈cy≈≈≈≈≈≈≈
###≈§.....≈#h########
#≈≈≈≈≈≈§§.≈#@h._._..#
#≈≈≈§≈§≈§.≈#.._._._.#
#≈≈≈§≈§§§≈≈≈#._._._._#
≈≈≈≈≈§≈§§§≈≈≈#_._._._.#
+++#§§≈≈§≈≈≈≈#._._._..#
##≈§§###≈≈#_._._...# ##§≈
#§§#._._....#
#≈§#_._.....#
≈≈§§§§##########


You could see 3 polar bears, a yaktaur and a hornet.

Vanquished Creatures
  4 neqoxecs (D)
  4 necrophages (D)
  A crocodile (D)
  2 worms (D)
11 creatures vanquished.

Notes
Turn   | Place    | Note
-------+----------+-------------------------------------------
     0 | D        | dvd the Minotaur Fighter began the quest for the Orb.
     0 | D        | Reached XP level 1. HP: 19/19 MP: 0/0
     1 | D        | Noticed a necrophage
     1 | D        | Noticed a necrophage
     1 | D        | Noticed a necrophage
     1 | D        | Noticed a necrophage
     9 | D        | Killed a necrophage
     9 | D        | Reached XP level 2. HP: 30/30 MP: 1/1
     9 | D        | Reached XP level 3. HP: 37/37 MP: 2/2
     9 | D        | Reached XP level 4. HP: 44/44 MP: 3/3
    12 | D        | Killed a necrophage
    12 | D        | Reached skill level 5 in Axes
    12 | D        | Reached XP level 5. HP: 52/52 MP: 4/4
    17 | D        | Killed a necrophage
    24 | D        | Killed a necrophage
    24 | D        | Reached XP level 6. HP: 49/62 MP: 5/5
   133 | D        | Noticed a neqoxec
   133 | D        | Noticed a neqoxec
   133 | D        | Noticed a neqoxec
   133 | D        | Noticed a neqoxec
   135 | D        | Gained mutation: You are clumsy. (Dex -2) [a neqoxec]
   136 | D        | Gained mutation: Your magical capacity is low. (-10% MP) [a neqoxec]
   136 | D        | Gained mutation: You are very clumsy. (Dex -4) [a neqoxec]
   137 | D        | Killed a neqoxec
   137 | D        | Reached skill level 10 in Armour
   142 | D        | Gained mutation: You expend magic power (3 MP) to strengthen your wands. [a neqoxec]
   143 | D        | Killed a neqoxec
   143 | D        | Reached skill level 10 in Fighting
   143 | D        | Reached skill level 10 in Shields
   143 | D        | Reached XP level 7. HP: 61/71 MP: 5/5
   143 | D        | Gained mutation: Armour fits poorly on your strangely shaped body. [a neqoxec]
   147 | D        | Killed a neqoxec
   151 | D        | Killed a neqoxec
   151 | D        | Reached skill level 10 in Axes
   278 | D        | Found a glowing golden altar of the Shining One.
   279 | D        | Found a glowing silver altar of Zin.
   279 | D        | Found a hide-covered altar of Uskayaw.
   279 | D        | Found a radiant altar of Vehumet.
   280 | D        | Found a basalt altar of Yredelemnul.
   280 | D        | Found a bloodstained altar of Trog.
   280 | D        | Found a burning altar of Makhleb.
   280 | D        | Found a sparkling altar of Nemelex Xobeh.
   281 | D        | Found a shimmering altar of Xom.
   281 | D        | Found a deep blue altar of Sif Muna.
   281 | D        | Found a corrupted altar of Lugonu.
   281 | D        | Found a blossoming altar of Fedhas.
   285 | D        | Found a sacrificial altar of Ru.
   285 | D        | Found an ancient bone altar of Kikubaaqudgha.
   285 | D        | Found a white marble altar of Elyvilon.
   288 | D        | Found a stormy altar of Qazlal.
   288 | D        | Found a viscous altar of Jiyva.
   288 | D        | Found a shadowy altar of Dithmenos.
   289 | D        | Found a hazy altar of Hepliaklqana.
   289 | D        | Found a snail-covered altar of Cheibriados.
   291 | D        | Found a roughly hewn altar of Beogh.
   292 | D        | Found an opulent altar of Gozag.
   292 | D        | Found an iron altar of Okawaru.
   300 | D        | Noticed Roxanne
   301 | D        | Became a worshipper of Warmaster Okawaru
   306 | D        | Noticed a polar bear
   307 | D        | Noticed a polar bear
   307 | D        | Noticed a hornet
   308 | D        | Noticed a yaktaur
   310 | D        | Noticed a polar bear
   319 | D        | Slain by a polar bear

Skill      XL: |  1  2  3  4  5  6  7 |
---------------+----------------------+-----
Fighting       | 6 7 9 10 | 10.7
Axes           | 4 5 7 9 10 | 10.4
Armour         | 6 7 9 10 | 10.9
Shields        | 6 7 9 10 | 10.6

Action                   |  1- 3 |  4- 6 |  7- 9 || total
-------------------------+-------+-------+-------++-------
Melee: War axe           |     7 |    30 |    19 ||    56
       Headbutt          |       |     1 |     4 ||     5
  Use: Potion            |     1 |     1 |     2 ||     4
Armor: Scale mail        |     1 |    11 |     5 ||    17
Dodge: Dodged            |       |     6 |     8 ||    14
Block: Shield            |     2 |    11 |     7 ||    20
